 Dungeon Crawl Stone Soup version 0.29.1-12-g30fa7ad0bf (webtiles) character file.

Game seed: 12256044182027273664

760 sizableburger the Magician (level 8, -2/56 HPs)
             Began as a Djinni Air Elementalist on Jan 10, 2023.
             Slain by a gnoll
             ... wielding a +0 spear
              (6 damage)
             ... on level 5 of the Dungeon.
             The game lasted 00:11:41 (6485 turns).

sizableburger the Magician (DjAE)                   Turns: 6485, Time: 00:11:41

Health: -2/56      AC:  5    Str:  7    XL:     8   Next: 7%
Gold:   256        EV: 12    Int: 19    God:
                   SH:  0    Dex: 14

rFire   + + .      SeeInvis .   p - +0 quarterstaff
rCold   . . .      Faith    .   (shield currently unavailable)
rNeg    . . .      Spirit   .   a - +0 robe
rPois   ∞          Reflect  .   (no helmet)
rElec   .          Harm     .   f - +0 cloak
rCorr   .          Rampage  .   i - +1 pair of gloves
Will    +....                   (boots unavailable)
Stlth   ++........              (no amulet)
HPRegen 0.18/turn               k - ring of protection from cold
MPRegen 0.00/turn               j - ring of willpower

@: wereblooded, flying
A: sickness immunity, fire resistance 2, cold vulnerability 1, float, innate
caster, HP casting, extra vitality 1
a: no special abilities


You were on level 5 of the Dungeon.
You visited 1 branch of the dungeon, and saw 5 of its levels.
You also visited: Sewer.

You collected 256 gold pieces.

Inventory:

Hand Weapons
 e - a +3 quarterstaff of chaos
 p - a +0 quarterstaff (weapon)
Armour
 a - a +0 robe (worn)
 f - a +0 cloak (worn)
 i - a +1 pair of gloves (worn)
Jewellery
 j - a ring of willpower (right hand)
 k - a ring of protection from cold (left hand)
Wands
 m - a wand of polymorph (8)
 q - a wand of flame (12)
 r - a wand of paralysis (8)
Scrolls
 h - 9 scrolls of identify
 t - 2 scrolls of blinking
 v - a scroll of enchant weapon {unknown}
 w - a scroll of butterflies {unknown}
Potions
 b - a potion of brilliance
 c - a potion of resistance {unknown}
 d - a potion of invisibility
 g - 3 potions of curing
 l - 3 potions of attraction
 n - a potion of haste {unknown}
 o - a potion of cancellation
 s - a potion of heal wounds {unknown}
 u - a potion of lignification {unknown}


   Skills:
 - Level 3.0 Fighting
 - Level 4.1 Staves
 - Level 2.1 Dodging
 - Level 1.5 Stealth
 + Level 5.1 Spellcasting


You had one spell level left.
You knew the following spells:

 Your Spells              Type           Power      Damage    Failure   Level
a - Shock                 Conj/Air       96%        1d9       1%          1
b - Static Discharge      Conj/Air       24%        3-6/arc   2%          2
c - Swiftness             Air            24%        N/A       4%          3
d - Airstrike             Air            12%        2d(2-18)  14%         4
e - Freeze                Ice            96%        1d11      1%          1
f - Wereblood             Tmut           24%        N/A       2%          2
g - Tukima's Dance        Hex            24%        N/A       4%          3
Your spell library was empty.

Dungeon Overview and Level Annotations

Branches:
Dungeon (5/15)              Sewer (visited)
 Temple: D:4-7

Altars:
Fedhas
Nemelex Xobeh
Qazlal
Wu Jian

Annotations:
D:5 Duvessa


Innate Abilities, Weirdness & Mutations

You are immune to sickness and miasma.
You are immune to poison.
Your flesh is very heat resistant. (rF++)
You are vulnerable to cold. (rC-)
You float through the air rather than walking.
You learn spells naturally, not from books.
Your magical power is your life essence.
You have superior vitality. (+4 MHP)


Message History

The black bear attacks as you move away!
The black bear bites you. The black bear misses you. x2
The black bear attacks as you move away!
The black bear closely misses you. x2
The black bear claws you but does no damage.
Okay, then.
Casting: Shock (safe; 1% risk of failure)
Confirm with . or Enter, or press ? or * to list all spells.
The black bear is struck by an arc of lightning.
The black bear is moderately wounded.
You are struck by an arc of lightning.
The lightning grounds out.
You hear a shout!
The black bear barely misses you.
The black bear claws you but does no damage.
The black bear barely misses you.
You sock the black bear!
The black bear is severely wounded.
The black bear bites you. The black bear misses you. The black bear claws you.
You sock the black bear!
The black bear is almost dead.
You howl as the wereblood boils in your veins!
The black bear goes berserk!
The howler monkey hits you.
Okay, then.
You barely miss the black bear.
The black bear is almost dead.
The black bear closely misses you. The black bear completely misses you.
The black bear barely misses you. The howler monkey barely misses you.
The gnoll hits you from afar with a +0 spear.
* * * LOW HITPOINT WARNING * * *
The black bear misses you. The black bear barely misses you.
The black bear misses you.
You barely miss the black bear.
The black bear is almost dead.
The howler monkey hits you.
* * * LOW HITPOINT WARNING * * *
The black bear bites you!
* * * LOW HITPOINT WARNING * * *
The black bear closely misses you. x2
The gnoll hits you from afar with a +0 spear.
You die...

####..##.........
...#####...........
....#.....###......
.......##.## ..##..
...........#..## ..
...............#
.......#..#.##..##.
.......#h.### .....
..(.....h@.# ...h..
...#.#gg#### ......
###..#####......
#..[..#.......
#.#...#).....g
...##..h...# #..##
##....## ....
#....# ..#. #....#


You could see a black bear (berserk), a howler monkey and 2 gnolls.

Vanquished Creatures
  A steam dragon (D:4)
  Menkaure (D:4)
  A water moccasin (Sewer)
  A phantom (D:5)
  Dowan (D:5)
  A howler monkey (D:4)
  Crazy Yiuf (D:3)
  Natasha (twice) (D:2)
  Robin (D:3)
  A gnoll (D:5)
  4 adders
  An ufetubus (D:4)
  4 worms
  A dart slug (D:1)
  An orc (D:4)
  2 endoplasms
  2 giant cockroaches (D:1)
  12 hobgoblins
  A jackal (Sewer)
  5 quokkas
  4 ball pythons
  6 bats
  6 frilled lizards
  13 goblins
  9 kobolds
  22 rats
104 creatures vanquished.

Vanquished Creatures (others)
  A dancing weapon (D:5)
  6 plants
  5 withered plants (D:1)
12 creatures vanquished.

Grand Total: 116 creatures vanquished

Notes
Turn   | Place    | Note
-------+----------+-------------------------------------------
     0 | D:1      | sizableburger the Djinni Air Elementalist began the quest
                  | for the Orb.
     0 | D:1      | sizableburger set off with the following spells memorised:
                  | Shock, Static Discharge, Swiftness, Airstrike.
     0 | D:1      | Reached XP level 1. HP: 15/15 MP: 0/0
   234 | D:1      | Reached skill level 1 in Fighting
   234 | D:1      | Reached XP level 2. HP: 17/22 MP: 0/0
   546 | D:1      | Found a faded altar of an unknown god.
  1243 | D:2      | Reached XP level 3. HP: 24/27 MP: 0/0
  1243 | D:2      | Learned a level 1 spell: Freeze
  1287 | D:2      | Noticed Natasha
  1293 | D:2      | Killed Natasha
  1294 | D:2      | Reached skill level 3 in Spellcasting
  1522 | D:2      | Reached XP level 4. HP: 24/33 MP: 0/0
  1743 | D:2      | Found an ornate altar of the Wu Jian Council.
  2122 | D:2      | Noticed Natasha
  2133 | D:2      | Killed Natasha
  2327 | D:2      | Reached XP level 5. HP: 34/40 MP: 0/0
  2327 | D:2      | Learned a level 2 spell: Wereblood
  2945 | D:3      | Found a runed translucent door.
  2946 | D:3      | Noticed Crazy Yiuf
  3293 | D:3      | Found a blossoming altar of Fedhas.
  3478 | D:3      | Noticed Robin
  3482 | D:3      | Killed Robin
  3614 | D:3      | Found a stormy altar of Qazlal.
  3637 | D:3      | Noticed Sigmund
  3894 | D:3      | Found a sparkling altar of Nemelex Xobeh.
  4069 | D:4      | Reached skill level 1 in Staves
  4082 | D:4      | Found a glowing drain.
  4471 | Sewer    | Entered a sewer
  4540 | Sewer    | Noticed a water moccasin
  4551 | Sewer    | Killed a water moccasin
  4552 | Sewer    | Reached skill level 4 in Spellcasting
  4552 | Sewer    | Reached XP level 6. HP: 22/46 MP: 0/0
  5049 | D:3      | Killed Crazy Yiuf
  5366 | D:4      | Reached XP level 7. HP: 26/50 MP: 0/0
  5366 | D:4      | Learned a level 3 spell: Tukima's Dance
  5555 | D:4      | Noticed a steam dragon
  5574 | D:4      | Killed a steam dragon
  5823 | D:4      | Noticed Menkaure
  5826 | D:4      | Killed Menkaure
  6223 | D:5      | Entered Level 5 of the Dungeon
  6223 | D:5      | Noticed Duvessa
  6223 | D:5      | Noticed Dowan
  6226 | D:5      | Killed Dowan
  6227 | D:5      | Reached skill level 5 in Spellcasting
  6391 | D:5      | Reached XP level 8. HP: 48/56 MP: 0/0
  6485 | D:5      | Slain by a gnoll

Illustrated notes

Levels and vault maps discovered:
D:1:      onia_arrival_mini_maze, layout_basic,
          shapermc_ecumenical_altar_flowoftime
D:2:      layout_loops_corners, basic_altar, small_statue_intersection,
          minmay_rat_hole, uniq_natasha
D:3:      layout_basic, nemelex_diamond_rough_becter,
          grunt_temple_overflow_forces_of_nature, minmay_quadrilaterals,
          uniq_sigmund, uniq_crazy_yiuf_cottage, uniq_robin
D:4:      layout_basic, cheibrodos_sewer_entry_drain, uniq_menkaure
D:5:      layout_cave_pools, serial_gnoll_camp, gnoll_camp_mini_doghouse,
          gnoll_camp_medium_01, gnoll_camp_mini_hut, gnoll_camp_mini_shop,
          gnoll_camp_mini_hut, st_stairs_11, uniq_duvessa

Skill      XL: |  1  2  3  4  5  6  7 |
---------------+----------------------+-----
Fighting       | 1 2 3 |  3.0
Spellcasting   | 3 4 5 |  5.1
Staves         | 2 4 |  4.1
Dodging        | |  2.1
Stealth        | |  1.5

Action                   |  1- 3 |  4- 6 |  7- 9 || total
-------------------------+-------+-------+-------++-------
Melee: Quarterstaff      |       |    33 |    25 ||    58
 Cast: Shock             |    48 |   127 |    17 ||   192
       Static Discharge  |     1 |       |     1 ||     2
       Freeze            |       |     8 |       ||     8
       Airstrike         |       |       |     5 ||     5
       Tukima's Dance    |       |       |     1 ||     1
       Wereblood         |       |       |     1 ||     1
Evoke: Wand              |       |       |     3 ||     3
  Use: Scroll            |       |    11 |       ||    11
       Potion            |       |     1 |       ||     1
 Stab: Sleeping          |       |     1 |     1 ||     2
Armor: Robe              |     2 |    35 |    14 ||    51
Dodge: Dodged            |    10 |    70 |    39 ||   119
